AoeStats
← Patoown

Black Forest

508810086Analyzed
2v2 RM · 8d ago on Sep 24, 2026· 41m 27s· 4 players
Game mode
Random Map
Map size
Medium (4 player)
Population
200
Speed
Normal
Resources
Standard
Victory
Conquest
Starting age
Dark Age
Ending age
Imperial Age
RankedLock teamsTeams togetherTeam positionsShared explorationLock speedFull tech treeHidden civsTurbo modeCheats
Victory
Defeat
🇨🇱 Gurjaras · Chile
808
+18
🇨🇱 Celts · Chile
787
+19
🇺🇸 Koreans · United States
852
-19
🇺🇸 Danes · United States
850
-18
Player Kuroashi
1:10 Loom
12:25 Feudal Age
13:04 Double-Bit Axe
13:08 Horse Collar
20:44 Castle Age
20:25 Wheelbarrow
20:11 Gold Mining
22:26 Bow Saw
25:33 Hand Cart
29:46 Kshatriyas
32:17 Imperial Age
30:03 Thumb Ring
31:47 Fletching
32:02 Padded Archer Armor
33:03 Kshatriyas
32:58 Stone Mining
33:49 Bodkin Arrow
34:12 Leather Archer Armor
34:09 Forging
34:05 Scale Barding Armor
36:02 Conscription
36:19 Elite Shrivamsha Rider
36:59 Husbandry
39:32 Bloodlines
40:04 Caravan
Patoown
0:32 Loom
10:38 Feudal Age
11:32 Double-Bit Axe
13:25 Wheelbarrow
14:07 Horse Collar
14:41 Gold Mining
19:14 Castle Age
21:45 Bow Saw
22:22 Heavy Plow
23:03 Hand Cart
22:56 Town Watch
24:05 Town Patrol
24:29 Stone Mining
25:14 Gold Shaft Mining
27:16 Stone Shaft Mining
30:21 Imperial Age
29:35 Forging
29:25 Scale Mail Armor
32:03 Chemistry
31:24 Ballistics
31:47 Elite Woad Raider
32:51 Conscription
31:55 Elite Woad Raider
32:47 Elite Woad Raider
33:49 Masonry
34:22 Stronghold
35:55 Iron Casting
35:20 Scale Mail Armor
36:02 Furor Celtica
35:17 Capped Ram
38:57 Blast Furnace
38:12 Chain Mail Armor
40:03 Caravan
39:32 Siege Ram
Vongoli Momoli
0:26 Loom
11:43 Feudal Age
12:22 Double-Bit Axe
12:19 Horse Collar
17:48 Wheelbarrow
17:41 Gold Mining
18:10 Scale Mail Armor
21:28 Castle Age
21:25 Fletching
21:56 Forging
21:47 Stone Mining
22:53 Bow Saw
23:18 Hand Cart
24:55 Heavy Plow
32:02 Imperial Age
31:04 Bodkin Arrow
31:44 Iron Casting
31:24 Chain Mail Armor
31:33 Town Watch
Pao Ge The Great
0:27 Loom
12:59 Feudal Age
17:26 Castle Age
16:18 Double-Bit Axe
16:16 Horse Collar
16:52 Scale Mail Armor
19:21 Bow Saw
20:41 Caravan
22:24 Squires
27:21 Arson
28:08 Bow Saw
30:35 Wheelbarrow
33:54 Imperial Age
31:33 Stone Mining
31:34 Gold Mining
31:47 Murder Holes
32:06 Fortified Wall
33:07 Pikeman
34:46 Hand Cart
34:19 Town Watch
35:57 Gold Shaft Mining
37:06 Ballistics
37:48 Chemistry
36:54 Siege Engineers
37:13 Ballistics
37:28 Shinkichon
37:47 Heavy Rocket Cart
38:52 Conscription
38:47 Heavy Plow
39:49 Two-Man Saw
39:01 Halberdier
41:07 Forging
40:58 Scale Mail Armor
41:03 Scale Barding Armor
40:49 Fletching
Connection lost

Rejoining the realm…

Still unreachable

The connection could not be restored.

Session expired

The server has moved on; the page needs a fresh start.